 Dungeon Crawl Stone Soup version 0.24.0-123-gd5b16e6ec5 (webtiles) character file.

Game seed: 13125922437127666482, levelgen mode: deterministic

19017 Bergy the Blocker (level 12, -6/76 HPs)
             Began as a Gargoyle Fighter on Jan 1, 2020.
             Was an Elder of Makhleb.
             Mangled by a salamander
             ... wielding a +0 glaive
              (12 damage)
             ... in a volcano.
             The game lasted 00:40:31 (13384 turns).

Bergy the Blocker (Gargoyle Fighter)               Turns: 13384, Time: 00:40:32

Health: -6/76      AC: 18    Str: 21 (25) XL:     12   Next: 64%
Magic:  0/21       EV: 10    Int: -3 (6)  God:    Makhleb [****..]
Gold:   300        SH: 12    Dex:  7 (9)  Spells: 11/11 levels left

rFire    . . .     SeeInvis +   k - +5 spear (pierce)
rCold    . . .     Gourm    .   c - +0 shield
rNeg     + + .     Faith    .   z - +1 leather armour of Astredghe {rElec MR+ Regen+ SInv}
rPois    ∞         Spirit   +   (no helmet)
rElec    +         Reflect  .   w - +1 cloak
rCorr    .         Harm     .   H - +1 pair of gloves
MR       +....                  (no boots)
Stlth    +.........             x - amulet of guardian spirit
HPRegen  0.62/turn              (no ring)
MPRegen  0.17/turn              t - ring of Attitude {rN+ MP+9 Int-3 SInv}

@: slowed, lost intelligence, very slow
A: deterioration 2, negative energy resistance 1, electricity resistance,
unbreathing, petrification resistance, rot immunity, MP-powered wands, AC +8
a: Minor Destruction, Lesser Servant of Makhleb, Major Destruction, Renounce
Religion


You were in a volcano.
You worshipped Makhleb.
Makhleb was greatly pleased with you.
You were very hungry.

You visited 3 branches of the dungeon, and saw 14 of its levels.
You also visited: Volcano.

You collected 726 gold pieces.
You spent 426 gold pieces at shops.

Inventory:

Hand Weapons
 k - a +5 spear of piercing (weapon)
 Q - a +1 great mace of flaming
Armour
 c - a +0 shield (worn)
 w - a +1 cloak (worn)
 z - the +1 leather armour of Astredghe (worn) {rElec MR+ Regen+ SInv}
   (You found it on level 4 of the Dungeon)

   It insulates you from electricity.
   It affects your resistance to hostile enchantments.
   It lets you see invisible.
   It increases your rate of regeneration.
 C - a +0 scale mail of cold resistance
 H - a +1 pair of gloves (worn)
 M - a +1 leather armour of fire resistance
Jewellery
 t - the ring of Attitude (right hand) {rN+ MP+9 Int-3 SInv}
   (You bought it in a shop on level 10 of the Dungeon)

   [ring of see invisible]

   It affects your intelligence (-3).
   It protects you from negative energy.
   It affects your magic capacity (+9).
   It lets you see invisible.
 x - an amulet of guardian spirit (around neck)
 N - an uncursed ring of flight
 O - an uncursed amulet of regeneration {unknown}
Wands
 i - a wand of paralysis (29)
 y - a wand of iceblast (12)
 F - a wand of flame (13)
Scrolls
 b - 2 scrolls of identify
 g - a scroll of random uselessness {unknown}
 h - 3 scrolls of remove curse
 j - a scroll of immolation {unknown}
 l - 9 scrolls of teleportation
 q - 2 scrolls of fog
 r - a scroll of fear {unknown}
 u - a scroll of noise {unknown}
 D - a scroll of holy word {unknown}
 G - 2 scrolls of blinking
 J - 3 scrolls of enchant armour
 L - 2 scrolls of magic mapping {unknown}
 P - a scroll of amnesia
Potions
 a - a potion of agility {unknown}
 d - 2 potions of might
 m - a potion of ambrosia {unknown}
 n - 2 potions of magic {unknown}
 o - 2 potions of lignification {unknown}
 p - 7 potions of curing
 s - 2 potions of invisibility
 v - a potion of mutation
 A - 3 potions of flight {unknown}
 B - 2 potions of brilliance {unknown}
 E - 2 potions of haste {unknown}
 I - a potion of resistance {unknown}
 K - 2 potions of berserk rage {unknown}
Comestibles
 f - 21 rations


   Skills:
 - Level 9.0 Fighting
 - Level 4.4 Maces & Flails
 - Level 12.4 Polearms
 * Level 6.2 Armour
 * Level 12.8 Shields


You had 11 spell levels left.
You didn't know any spells.
Your spell library contained the following spells:

 Spells                   Type           Power        Failure   Level  Hunger
 Corona                   Hex            #......      75%         1    ##.....
 Magic Dart               Conj           #...         75%         1    ##.....
 Blink                    Tloc           N/A          86%         2    ###....
 Call Imp                 Summ           #.......     86%         2    ###....
 Slow                     Hex            #.......     86%         2    ###....
 Conjure Flame            Conj/Fire      #.......     98%         3    ####...
 Inner Flame              Hex/Fire       #.......     98%         3    ####...
 Mephitic Cloud           Conj/Pois/Air  #.......     98%         3    ####...
 Portal Projectile        Hex/Tloc       #.....       98%         3    ####...
 Cause Fear               Hex            #.........   100%        4    #####..
 Leda's Liquefaction      Hex/Erth       #.........   100%        4    #####..


Dungeon Overview and Level Annotations

Branches:
Dungeon (11/15)            Temple (1/1) D:6            Lair (2/6) D:9
 Spider (0/4) Lair:2      Volcano (1/1)
  Swamp: Lair:2-4    Shoals: Lair:2-4       Orc: D:9-12

Altars:
Ashenzari
Cheibriados
Dithmenos
Elyvilon
Fedhas
Gozag
Hepliaklqana
Kikubaaqudgha
Makhleb
Nemelex Xobeh
Okawaru
Qazlal
Ru
Sif Muna
Trog
Uskayaw
Vehumet
Wu Jian
Xom
Yredelemnul
Zin
The Shining One

Shops:
D:8 %   D:10 =


Innate Abilities, Weirdness & Mutations

You are resistant to torment.
Your stone body is resilient. (AC +8)
You are immune to poison.
You resist negative energy. (rN+)
You are resistant to electric shocks. (rElec)
You can survive without breathing.
You are immune to petrification.
You are immune to rotting.
Your body often deteriorates upon taking damage.
You expend magic power (3 MP) to strengthen your wands.


Message History

You hit the salamander.
The salamander is severely wounded.
The salamander hits you with a +0 glaive.
You are engulfed in flames!
* * * LOW HITPOINT WARNING * * *
You puncture the salamander!
The salamander is almost dead.
You hit the salamander.
The salamander is almost dead.
The salamander hits you with a +0 glaive!
* * * LOW HITPOINT WARNING * * *
Your body deteriorates!
You feel dopey.
You are engulfed in flames!
* * * LOW HITPOINT WARNING * * *
Your body deteriorates!
You feel clumsy.
You feel better.
The salamander hits you with a +0 glaive!
* * * LOW HITPOINT WARNING * * *
You are engulfed in flames!
You die...

#§§≈
#..'.....'..# ☼
# §
§##)#8.).8#.##≈§
≈≈###.....###≈§≈
§§§§§.....≈§§§§
≈§§§§8...8≈§§≈#
§§§§§.....§§###
##≈§≈.....§§#
#≈≈≈8...8≈##
####...@N##
#.....# #8...8#
#.....# #.....#
#8...8# #.....#
#.....# #8...8#


You could see a salamander.

Vanquished Creatures
  A hydra (Lair:2)
  Erica (D:9)
  A two-headed ogre (D:10)
  A salamander mystic (Volcano)
  A lindwurm (Lair:2)
  Pikel (D:4)
  A manticore (D:11)
  A deep elf mage (D:9)
  3 salamanders (Volcano)
  Joseph (D:8)
  2 centaur zombies (D:11)
  A gargoyle (D:10)
  2 spiny frogs (Lair:1)
  A komodo dragon (Lair:2)
  2 trolls
  A jumping spider (Lair:2)
  4 blink frogs (Lair:2)
  2 hippogriffs
  A spriggan (D:7)
  A wraith (D:11)
  A redback (Lair:2)
  Eustachio (D:5)
  Sigmund (D:5)
  24 yaks
  A wyvern (D:11)
  A basilisk (Lair:2)
  Menkaure (D:4)
  2 water moccasins
  2 porcupines
  2 eyes of draining (D:10)
  A slave (D:4)
  An ice beast (D:10)
  2 black bears (D:9)
  An orc warrior (D:4)
  3 sky beasts
  4 ogres
  4 phantoms
  A necrophage (D:7)
  4 centaurs
  2 crocodiles
  9 bullfrogs
  A water moccasin skeleton (D:11)
  4 scorpions
  6 killer bees (D:11)
  8 wights
  6 howler monkeys
  3 electric eels
  A crimson imp (D:9)
  2 quasits
  2 bullfrog zombies
  Crazy Yiuf (D:3)
  4 hounds
  2 orc priests
  2 jellies
  3 orc wizards
  A bullfrog skeleton (D:8)
  A centaur skeleton (D:9)
  3 iguanas
  6 worker ants
  A spectral hound (D:11)
  2 hound zombies
  A howler monkey zombie (D:11)
  4 gnolls
  14 adders
  4 shadow imps
  An ooze (D:1)
  An adder zombie (D:8)
  An adder skeleton (D:8)
  5 worms
  6 dart slugs
  7 leopard geckos
  16 orcs
  6 giant cockroaches
  13 goblins
  11 hobgoblins
  9 jackals
  7 kobolds
  4 quokkas
  10 bats
  6 frilled lizards
  2 leopard gecko zombies (D:5)
  2 quokka skeletons
  27 rats
313 creatures vanquished.

Vanquished Creatures (others)
  A worm (D:4)
  3 orcs (D:4)
  A frilled lizard (D:4)
  20 fungi (D:9)
  16 plants
41 creatures vanquished.

Grand Total: 354 creatures vanquished

Notes
Turn   | Place    | Note
-------+----------+-------------------------------------------
     0 | D:1      | Bergy the Gargoyle Fighter began the quest for the Orb.
     0 | D:1      | Reached XP level 1. HP: 14/14 MP: 1/1
   160 | D:1      | Reached XP level 2. HP: 19/19 MP: 2/2
   596 | D:1      | Reached XP level 3. HP: 20/23 MP: 3/3
  1305 | D:2      | Reached XP level 4. HP: 27/28 MP: 4/4
  1572 | D:2      | Reached skill level 1 in Polearms
  1887 | D:2      | Reached XP level 5. HP: 29/32 MP: 5/5
  2514 | D:3      | Found a shadowy altar of Dithmenos.
  3086 | D:3      | Found a runed translucent door.
  3087 | D:3      | Noticed Crazy Yiuf
  3106 | D:3      | Killed Crazy Yiuf
  3106 | D:3      | Reached XP level 6. HP: 10/37 MP: 6/6
  3938 | D:4      | Noticed a slave
  3955 | D:4      | Killed a slave
  3965 | D:4      | Noticed an orc warrior
  3965 | D:4      | Noticed a slave
  3971 | D:4      | Noticed a slave
  3972 | D:4      | Noticed Pikel
  3974 | D:4      | Killed an orc warrior
  3974 | D:4      | Reached skill level 5 in Polearms
  3974 | D:4      | Reached XP level 7. HP: 41/41 MP: 7/7
  3986 | D:4      | Killed Pikel
  3986 | D:4      | Reached XP level 8. HP: 40/46 MP: 8/8
  4136 | D:4      | Got a crude leather armour
  4147 | D:4      | Identified the +1 leather armour of Astredghe {rElec MR+
                  | Regen+ SInv} (You found it on level 4 of the Dungeon)
  4174 | D:4      | Noticed Menkaure
  4193 | D:4      | Killed Menkaure
  4337 | D:4      | Found a bloodstained altar of Trog.
  4633 | D:5      | Entered Level 5 of the Dungeon
  4983 | D:5      | Noticed Eustachio
  5023 | D:5      | Gained mutation: Your body sometimes deteriorates upon
                  | taking damage. [potion of mutation]
  5023 | D:5      | Gained mutation: Your body often deteriorates upon taking
                  | damage. [potion of mutation]
  5023 | D:5      | Gained mutation: You expend magic power (3 MP) to
                  | strengthen your wands. [potion of mutation]
  5077 | D:5      | Killed Eustachio
  5077 | D:5      | Reached XP level 9. HP: 25/51 MP: 9/9
  5138 | D:5      | Noticed Sigmund
  5148 | D:5      | Killed Sigmund
  5327 | D:6      | Reached skill level 10 in Polearms
  5381 | D:6      | Got a steaming long sword
  5382 | D:6      | Identified the +2 long sword of the Thing {elec, +Inv rPois
                  | MR- Dex-2} (You found it on level 6 of the Dungeon)
  5732 | D:6      | Found a staircase to the Ecumenical Temple.
  5740 | Temple   | Entered the Ecumenical Temple
  5828 | Temple   | Became a worshipper of Makhleb the Destroyer
  6980 | D:7      | Reached XP level 10. HP: 45/56 MP: 7/10
  7196 | D:8      | Reached * piety under Makhleb
  7334 | D:8      | Noticed Joseph
  7366 | D:8      | Killed Joseph
  7631 | D:8      | Found Afrat's Food Shoppe.
  7907 | D:8      | Got a smelly leather armour
  7918 | D:8      | Identified the +1 leather armour of the Slug {rF- rC++ MR+}
                  | (You found it on level 8 of the Dungeon)
  8064 | D:9      | Found a shattered altar of Ashenzari.
  8319 | D:9      | Found a hide-covered altar of Uskayaw.
  8319 | D:9      | Found a basalt altar of Yredelemnul.
  8327 | D:9      | Found a radiant altar of Vehumet.
  8333 | D:9      | Found a sacrificial altar of Ru.
  8335 | D:9      | Found a glowing silver altar of Zin.
  8408 | D:9      | Found a staircase to the Lair.
  8433 | D:9      | Reached skill level 5 in Shields
  8479 | D:9      | Reached ** piety under Makhleb
  8489 | D:9      | Noticed a deep elf mage
  8489 | D:9      | Noticed Erica
  8513 | D:9      | Killed a deep elf mage
  8526 | D:9      | Killed Erica
  8526 | D:9      | Reached skill level 5 in Fighting
  8773 | D:10     | Entered Level 10 of the Dungeon
  8829 | D:10     | Found Nithren's Jewellery Emporium.
  8848 | D:10     | Bought the ring of Attitude {rN+ MP+9 Int-3 SInv} for 426
                  | gold pieces
  8924 | D:10     | Noticed a two-headed ogre
  8944 | D:10     | Killed a two-headed ogre
  8944 | D:10     | Reached XP level 11. HP: 46/64 MP: 5/11
  9074 | D:10     | You fall into a shaft and drop 1 floor!
  9503 | D:10     | Reached skill level 5 in Armour
 10228 | D:11     | Noticed a manticore
 10237 | D:11     | Killed a manticore
 10237 | D:11     | Reached *** piety under Makhleb
 10683 | D:11     | Reached skill level 10 in Shields
 10986 | Lair:1   | Entered Level 1 of the Lair of Beasts
 11382 | Lair:1   | Reached XP level 12. HP: 71/73 MP: 12/12
 12445 | Lair:2   | Found a hole to the Spider Nest.
 12592 | Lair:2   | Reached **** piety under Makhleb
 12865 | Lair:2   | Noticed an eight-headed hydra
 12871 | Lair:2   | Killed an eight-headed hydra
 13063 | Lair:2   | Found a dark tunnel.
 13134 | Volcano  | Entered a volcano
 13175 | Volcano  | Found a burning altar of Makhleb.
 13314 | Volcano  | HP: 1/76 [salamander/+0 glaive (11)]
 13364 | Volcano  | Lost intelligence.
 13384 | Volcano  | Mangled by a salamander

Levels and vault maps discovered:
D:1:      dpeg_cavernosity, layout_basic, minivault_23
D:2:      minmay_thinvault, layout_rooms, minmay_rat_hole
D:3:      layout_loops_corners, grunt_dithmenos_smoke, first_ration,
          uniq_crazy_yiuf_cottage
D:4:      layout_loops_ring, nicolae_overflow_crystal_walls, uniq_menkaure,
          uniq_pikel
D:5:      layout_basic, uniq_eustachio, uniq_sigmund
D:6:      layout_basic, minmay_temple_entry_proselytizer, nrook_pool_corridor,
          minmay_misc_feat_cross, roderic_nine_men_s_morris
D:7:      layout_cave_pools, the_bakery, kennysheep_opposing_triangles
D:8:      layout_loops_corners, enter_bailey_3, serial_shops,
          nicolae_shop_waterfront, minmay_door_square, uniq_joseph
D:9:      layout_roguey, chequers_temple_overflow_minitemple,
          kennysheep_mini_moat, due_lair_maze_entry_diamond, kennysheep_donut,
          minivault_14, chequers_serial_rivers_room_a,
          hangedman_decor_slide_cut, chequers_serial_rivers_small_b, uniq_erica
D:10:     layout_stronghold, serial_shops, shop
D:11:     layout_irregular_city, hangedman_weighted_door
Temple:   zaba_magenta_temple
Lair:1:   layout_layer_cave, serial_bayou_shore_b, serial_bayou_shore_a
Lair:2:   layout_roguey, spider_nest_entry_funnel_web,
          nicolae_volcano_entry_vermiform, infiniplex_staircase_pool_2,
          serial_bayou_shore_b, grunt_megastairs_2
Volcano:  kennysheep_volcano_temple

Skill      XL: |  1  2  3  4  5  6  7  8  9 10 11 12 |
---------------+-------------------------------------+-----
Maces & Flails | 3 4 |  4.4
Polearms       | 1 3 5 7 9 11 12 | 12.4
Shields        | 7 10 12 | 12.8
Fighting       | 5 8 9 |  9.0
Armour         | 4 5 6 |  6.2

Action                   |  1- 3 |  4- 6 |  7- 9 | 10-12 || total
-------------------------+-------+-------+-------+-------++-------
Melee: Flail             |   135 |    17 |       |       ||   152
       Spear             |       |   246 |   434 |  1104 ||  1784
  Use: Scroll            |       |     1 |     6 |     7 ||    14
       Potion            |       |     1 |     2 |     7 ||    10
 Stab: Distracted        |       |     1 |       |       ||     1
  Eat: Chunk             |     1 |     8 |     3 |    11 ||    23
       Ration            |       |     1 |     1 |     3 ||     5
Armor: Scale mail        |    83 |    58 |       |       ||   141
       Ring mail         |       |    27 |    15 |       ||    42
       Leather armour    |       |       |    90 |   184 ||   274
Dodge: Dodged            |    53 |    58 |    76 |   156 ||   343
Block: Shield            |    73 |    86 |    90 |   271 ||   520
